TOP OF THE 1ST |
Chicago White Sox batting - Pitching for Toronto Blue Jays : LHP Tom Deidel
|
Pitching: LHP Tom Deidel
|
|
Batting: SHB Ozzie Smith
|
0-0: Called Strike 0-1: Ball 1-1: Foul Ball, location: 2F 1-2: Ball 2-2: Fly out, F1 (Line Drive, P, EV 66.9 MPH)
|
Batting: LHB Rudy Law
|
0-0: Fly out, F7 (Flyball, 7, EV 88.1 MPH)
|
Batting: RHB Steve Henderson
|
0-0: Foul Ball, location: 2F 0-1: Ball 1-1: Called Strike 1-2: Strikes out swinging
|
Top of the 1st over - 0 runs, 0 hits, 0 errors, 0 left on base; Chicago 0 - Toronto 0 |
BOTTOM OF THE 1ST |
Toronto Blue Jays batting - Pitching for Chicago White Sox : RHP Dave Rozema
|
Pitching: RHP Dave Rozema
|
|
Batting: SHB Harold Reynolds
|
0-0: Ball 1-0: Called Strike 1-1: Ground out 5-3 (Groundball, 56, EV 86.3 MPH)
|
Batting: RHB Jose Gonzalez
|
0-0: Called Strike 0-1: Swinging Strike 0-2: Ground out U3 (Groundball, 3, EV 80.0 MPH)
|
Batting: LHB Sheldon Mallory
|
0-0: Foul Ball, location: 2F 0-1: Ball 1-1: Foul Ball, location: 2F 1-2: SOLO HOME RUN (Flyball, 89XD, EV 99.4 MPH), Distance : 416 ft
|
Batting: RHB Juan Monasterio
|
0-0: Ball 1-0: Foul Ball, location: 2F 1-1: Ball 2-1: Ball 3-1: Foul Ball, location: 2F 3-2: SINGLE (Groundball, 56D, EV 101.9 MPH)
|
Batting: RHB Andres Galarraga
|
0-0: Ball 1-0: Ball 2-0: Called Strike 2-1: Foul Ball, location: 2F 2-2: Foul Ball, location: 2F 2-2: Foul Ball, location: 2F 2-2: Strikes out swinging
|
Bottom of the 1st over - 1 run, 2 hits, 0 errors, 1 left on base; Chicago 0 - Toronto 1 |
TOP OF THE 2ND |
Chicago White Sox batting - Pitching for Toronto Blue Jays : LHP Tom Deidel
|
Batting: LHB Mitchell Page
|
0-0: Ball 1-0: Ground out 6-3 (Groundball, 6, EV 92.5 MPH)
|
Batting: SHB Dwayne Taggart
|
0-0: Fly out, F4 (Flyball, 34D, EV 96.3 MPH)
|
Batting: RHB Tim Teufel
|
0-0: Ball 1-0: Foul Ball, location: 2F 1-1: Foul Ball, location: 2F 1-2: Strikes out swinging
|
Top of the 2nd over - 0 runs, 0 hits, 0 errors, 0 left on base; Chicago 0 - Toronto 1 |
BOTTOM OF THE 2ND |
Toronto Blue Jays batting - Pitching for Chicago White Sox : RHP Dave Rozema
|
Batting: RHB Hubie Brooks
|
0-0: Fly out, F5 (Popup, 5S, EV 83.8 MPH)
|
Batting: LHB Milt Thompson
|
0-0: Foul Ball, location: 2F 0-1: Swinging Strike 0-2: Ball 1-2: Ground out 6-3 (Groundball, 6S, EV 61.9 MPH)
|
Batting: RHB Cal Ripken
|
0-0: Ball 1-0: Ball 2-0: Called Strike 2-1: Fly out, F8 (Flyball, 89S, EV 96.3 MPH)
|
Bottom of the 2nd over - 0 runs, 0 hits, 0 errors, 0 left on base; Chicago 0 - Toronto 1 |
TOP OF THE 3RD |
Chicago White Sox batting - Pitching for Toronto Blue Jays : LHP Tom Deidel
|
Batting: LHB Ryan MacFarland
|
0-0: Ball 1-0: Ball 2-0: Foul Ball, location: 2F 2-1: Ball 3-1: Called Strike 3-2: Fly out, F8 (Line Drive, 8LM, EV 95.6 MPH)
|
Batting: RHB Jose Castro
|
0-0: Called Strike 0-1: Ball 1-1: Fly out, F8 (Flyball, 78XD, EV 89.4 MPH)
|
Batting: LHB Steve Christmas
|
0-0: Ball 1-0: Called Strike 1-1: Swinging Strike 1-2: Strikes out looking
|
Top of the 3rd over - 0 runs, 0 hits, 0 errors, 0 left on base; Chicago 0 - Toronto 1 |
BOTTOM OF THE 3RD |
Toronto Blue Jays batting - Pitching for Chicago White Sox : RHP Dave Rozema
|
Batting: RHB Fritzie Connally
|
0-0: Swinging Strike 0-1: Ball 1-1: Foul Ball, location: 2F 1-2: Foul Ball, location: 2F 1-2: Fly out, F8 (Flyball, 8LM, EV 81.9 MPH)
|
Batting: SHB Harold Reynolds
|
0-0: Ball 1-0: Ball 2-0: Swinging Strike 2-1: Foul Ball, location: 2F 2-2: SINGLE (Groundball, 4MD, EV 98.8 MPH)
|
Batting: RHB Jose Gonzalez
|
0-0: Ball 1-0: Ball 2-0: Fly out, F9 (Flyball, 9D, EV 98.8 MPH)
|
Batting: LHB Sheldon Mallory
|
0-0: Ball Wild Pitch! Harold Reynolds to second 1-0: Called Strike 1-1: Called Strike 1-2: Foul Ball, location: 2F 1-2: Foul Ball, location: 2F 1-2: DOUBLE (Groundball, 3L, EV 106.9 MPH) Harold Reynolds scores
|
Batting: RHB Juan Monasterio
|
0-0: Ground out U3 (Groundball, 34S, EV 83.8 MPH)
|
Bottom of the 3rd over - 1 run, 2 hits, 0 errors, 1 left on base; Chicago 0 - Toronto 2 |
TOP OF THE 4TH |
Chicago White Sox batting - Pitching for Toronto Blue Jays : LHP Tom Deidel
|
Batting: SHB Ozzie Smith
|
0-0: Ball 1-0: Foul Ball, location: 2F 1-1: Ground out 6-3 (Groundball, 6, EV 85.6 MPH)
|
Batting: LHB Rudy Law
|
0-0: Called Strike 0-1: SINGLE (Line Drive, 9S, EV 113.1 MPH)
|
Batting: RHB Steve Henderson
|
0-0: Ball 1-0: Swinging Strike 1-1: Ball 2-1: Foul Ball, location: 2F 2-2: Strikes out swinging
|
Batting: LHB Mitchell Page
|
0-0: Foul Ball, location: 2F 0-1: Called Strike 0-2: Ground out 4-3 (Groundball, 4, EV 96.9 MPH)
|
Top of the 4th over - 0 runs, 1 hit, 0 errors, 1 left on base; Chicago 0 - Toronto 2 |
BOTTOM OF THE 4TH |
Toronto Blue Jays batting - Pitching for Chicago White Sox : RHP Dave Rozema
|
Batting: RHB Andres Galarraga
|
0-0: Ball 1-0: Ball 2-0: Ground out 4-3 (Groundball, 4, EV 107.5 MPH)
|
Batting: RHB Hubie Brooks
|
0-0: Foul Ball, location: 2F 0-1: Ball 1-1: Ball 2-1: Ball 3-1: Swinging Strike 3-2: Base on Balls
|
Batting: LHB Milt Thompson
|
0-0: Foul Ball, location: 2F 0-1: Fly out, F5 (Popup, 56S, EV 68.1 MPH)
|
Batting: RHB Cal Ripken
|
0-0: Ball 1-0: Swinging Strike 1-1: Ball 2-1: DOUBLE (Line Drive, 7LS, EV 95.6 MPH) Hubie Brooks to third Runner from 3rd tries for Home, SAFE, throw by LF to home
|
Batting: RHB Fritzie Connally
|
0-0: Called Strike 0-1: Ball 1-1: Ball 2-1: Foul Ball, location: 2F 2-2: Foul Ball, location: 2F 2-2: Fly out, F7 (Flyball, 7, EV 84.4 MPH)
|
Bottom of the 4th over - 1 run, 1 hit, 0 errors, 1 left on base; Chicago 0 - Toronto 3 |
TOP OF THE 5TH |
Chicago White Sox batting - Pitching for Toronto Blue Jays : LHP Tom Deidel
|
Batting: SHB Dwayne Taggart
|
0-0: Called Strike 0-1: SINGLE (Groundball, 56S, EV 65.0 MPH) (infield hit)
|
Batting: RHB Tim Teufel
|
0-0: Foul Ball, location: 2F 0-1: Ball 1-1: Ball 2-1: Called Strike 2-2: Grounds into double play, 4-6-3 (Groundball, 4, EV 101.9 MPH)
|
Batting: LHB Ryan MacFarland
|
0-0: Called Strike 0-1: Ball 1-1: Ball 2-1: Foul Ball, location: 2F 2-2: Strikes out looking
|
Top of the 5th over - 0 runs, 1 hit, 0 errors, 0 left on base; Chicago 0 - Toronto 3 |
BOTTOM OF THE 5TH |
Toronto Blue Jays batting - Pitching for Chicago White Sox : RHP Dave Rozema
|
Batting: SHB Harold Reynolds
|
0-0: Foul Ball, location: 2F 0-1: Ground out U3 (Groundball, 3, EV 80.6 MPH)
|
Batting: RHB Jose Gonzalez
|
0-0: Called Strike 0-1: Ground out 4-3 (Groundball, 4, EV 92.5 MPH)
|
Batting: LHB Sheldon Mallory
|
0-0: Called Strike 0-1: Swinging Strike 0-2: Strikes out looking
|
Bottom of the 5th over - 0 runs, 0 hits, 0 errors, 0 left on base; Chicago 0 - Toronto 3 |
TOP OF THE 6TH |
Chicago White Sox batting - Pitching for Toronto Blue Jays : LHP Tom Deidel
|
Batting: RHB Jose Castro
|
0-0: Swinging Strike 0-1: Swinging Strike 0-2: Ball 1-2: Ball 2-2: Strikes out swinging
|
Batting: LHB Steve Christmas
|
0-0: Fly out, F8 (Flyball, 8LD, EV 85.6 MPH)
|
Batting: SHB Ozzie Smith
|
0-0: Ball 1-0: Ball 2-0: Fly out, F8 (Flyball, 8RD, EV 93.8 MPH)
|
Top of the 6th over - 0 runs, 0 hits, 0 errors, 0 left on base; Chicago 0 - Toronto 3 |
BOTTOM OF THE 6TH |
Toronto Blue Jays batting - Pitching for Chicago White Sox : RHP Dave Rozema
|
Batting: RHB Juan Monasterio
|
0-0: Ball 1-0: Foul Ball, location: 2F 1-1: Called Strike 1-2: Strikes out swinging
|
Batting: RHB Andres Galarraga
|
0-0: Ball 1-0: Called Strike 1-1: Fly out, F8 (Line Drive, 8RXD, EV 106.3 MPH)
|
Batting: RHB Hubie Brooks
|
0-0: Ball 1-0: Ball 2-0: Called Strike 2-1: Ball 3-1: Swinging Strike 3-2: Strikes out swinging
|
Bottom of the 6th over - 0 runs, 0 hits, 0 errors, 0 left on base; Chicago 0 - Toronto 3 |
TOP OF THE 7TH |
Chicago White Sox batting - Pitching for Toronto Blue Jays : LHP Tom Deidel
|
Batting: LHB Rudy Law
|
0-0: Swinging Strike 0-1: Ball 1-1: Called Strike 1-2: Foul Ball, location: 2F 1-2: Ground out 3-1 (Groundball, 34, EV 86.3 MPH)
|
Batting: RHB Steve Henderson
|
0-0: Ball 1-0: Ball 2-0: Ball 3-0: Called Strike 3-1: Base on Balls
|
Batting: LHB Mitchell Page
|
0-0: Ball Steve Henderson steals 2nd base (no throw) 1-0: Ball 2-0: Called Strike 2-1: Swinging Strike 2-2: SINGLE (Groundball, 34D, EV 103.1 MPH) Steve Henderson to third Runner from 3rd tries for Home, SAFE, throw by RF to home
|
Batting: SHB Dwayne Taggart
|
0-0: Ball 1-0: Called Strike 1-1: DOUBLE (Flyball, 89XD, EV 107.5 MPH) Mitchell Page to third Runner from 3rd tries for Home, throw by CF and OUT! 8-4-2 Dwayne Taggart to third
|
Batting: RHB Tim Teufel
|
0-0: Ball 1-0: Called Strike Steal of home, Dwayne Taggart is out
|
Top of the 7th over - 1 run, 2 hits, 0 errors, 0 left on base; Chicago 1 - Toronto 3 |
BOTTOM OF THE 7TH |
Toronto Blue Jays batting - Pitching for Chicago White Sox : RHP Dave Rozema
|
Batting: LHB Milt Thompson
|
0-0: SINGLE (Groundball, 56D, EV 93.8 MPH)
|
Batting: RHB Cal Ripken
|
0-0: Ball 1-0: Called Strike 1-1: Ball Milt Thompson steals 2nd base 2-1: DOUBLE (Line Drive, 89D, EV 104.4 MPH) Milt Thompson scores
|
Batting: RHB Fritzie Connally
|
0-0: Ball 1-0: Called Strike 1-1: Ground out 4-3 (Groundball, 4, EV 101.9 MPH) Cal Ripken to third
|
Batting: SHB Harold Reynolds
|
0-0: Ball 1-0: Ball 2-0: Ball 3-0: Fly out, F8 (Flyball, 8LD, EV 93.1 MPH) Runner from 3rd tags up, SCORES, throw by CF
|
Batting: RHB Jose Gonzalez
|
0-0: Ground out 4-3 (Groundball, 4, EV 98.8 MPH)
|
Bottom of the 7th over - 2 runs, 2 hits, 0 errors, 0 left on base; Chicago 1 - Toronto 5 |
TOP OF THE 8TH |
Chicago White Sox batting - Pitching for Toronto Blue Jays : LHP Tom Deidel
|
Batting: RHB Tim Teufel
|
0-0: SINGLE (Line Drive, 89S, EV 91.3 MPH)
|
Batting: LHB Ryan MacFarland
|
0-0: Ball 1-0: Ball 2-0: Ball 3-0: Base on Balls Tim Teufel to second
|
Batting: RHB Jose Castro
|
0-0: Called Strike 0-1: Ball 1-1: Ball 2-1: Fly out, F8 (Flyball, 8RM, EV 95.6 MPH)
|
Batting: LHB Steve Christmas
|
0-0: Foul Ball, location: 2F 0-1: Ball 1-1: Ball Wild Pitch! Tim Teufel to third Ryan MacFarland to second 2-1: Fly out, F8 (Flyball, 8LXD, EV 73.8 MPH) Runner from 3rd tags up, SCORES, no throw by CF
|
Batting: SHB Ozzie Smith
|
0-0: Ball 1-0: Ball 2-0: Called Strike 2-1: Ground out 5-3 (Groundball, 56S, EV 65.6 MPH)
|
Top of the 8th over - 1 run, 1 hit, 0 errors, 1 left on base; Chicago 2 - Toronto 5 |
BOTTOM OF THE 8TH |
Toronto Blue Jays batting - Pitching for Chicago White Sox : RHP Dave Rozema
|
Pitching: RHP Win Remmerswaal
|
|
Batting: LHB Sheldon Mallory
|
0-0: Called Strike 0-1: Fly out, F9 (Flyball, 9LM, EV 89.4 MPH)
|
Batting: RHB Juan Monasterio
|
0-0: Ball 1-0: Fly out, F9 (Flyball, 9LM, EV 87.5 MPH)
|
Batting: RHB Andres Galarraga
|
0-0: Ball 1-0: Swinging Strike 1-1: Called Strike 1-2: Strikes out swinging
|
Bottom of the 8th over - 0 runs, 0 hits, 0 errors, 0 left on base; Chicago 2 - Toronto 5 |
TOP OF THE 9TH |
Chicago White Sox batting - Pitching for Toronto Blue Jays : LHP Tom Deidel
|
Now at 2B: Jose Carrillo
|
|
Batting: LHB Rudy Law
|
0-0: Called Strike 0-1: Fly out, F5 (Popup, 5F, EV 65.0 MPH)
|
Batting: RHB Steve Henderson
|
0-0: Ball 1-0: Foul Ball, location: 2F 1-1: Foul Ball, location: 2F 1-2: Strikes out swinging
|
Batting: LHB Mitchell Page
|
0-0: Foul Ball, location: 2F 0-1: SINGLE (Groundball, 4MD, EV 103.8 MPH)
|
Batting: SHB Dwayne Taggart
|
0-0: Called Strike 0-1: Fly out, F8 (Flyball, 8RS, EV 89.4 MPH)
|
Top of the 9th over - 0 runs, 1 hit, 0 errors, 1 left on base; Chicago 2 - Toronto 5 |
|